 Dungeon Crawl Stone Soup version 0.21.1 (webtiles) character file.

4725 Monsterracer the Basher (level 10, -10/83 HPs)
             Began as a White Draconian Arcane Marksman on Feb 2, 2018.
             Was a Priest of Cheibriados.
             Mangled by an eight-headed hydra (12 damage)
             ... on level 8 of the Dungeon.
             The game lasted 00:19:33 (9289 turns).

Monsterracer the Basher (DrAM)                      Turns: 9289, Time: 00:19:34

Health: -10/83     AC: 17    Str: 20    XL:     10   Next: 22%
Magic:  12/12      EV: 16    Int: 23    God:    Cheibriados [***...]
Gold:   382        SH: 11    Dex: 19    Spells: 1/11 levels left

rFire    + . .     SeeInvis .   a - +0 flail (protect)
rCold    + . .     Gourm    .   y - +0 shield
rNeg     . . .     Faith    .   (armour unavailable)
rPois    .         Spirit   .   (helmet restricted)
rElec    .         Reflect  .   m - +2 cloak
rCorr    .         Harm     .   (no gloves)
MR       .....                  (no boots)
Stlth    +++.......             s - amulet of regeneration
HPRegen  0.63/turn              k - +2 ring of evasion
MPRegen  0.13/turn              z - ring of protection from fire {!d}

@: about to teleport, protection aura, very slow
A: breathe frost, unfitting armour, cold resistance 1, cold-blooded, AC +7
a: Breathe Frost, Bend Time, Temporal Distortion, Renounce Religion


You were on level 8 of the Dungeon.
You worshipped Cheibriados.
Cheibriados was most pleased with you.
You were not hungry.

You visited 2 branches of the dungeon, and saw 9 of its levels.
You also visited: Ossuary.

You collected 382 gold pieces.

Inventory:

Hand Weapons
 a - a +0 flail of protection (weapon)
 b - a +2 flail of draining
 q - a +1 broad axe
 w - a +2 whip of venom
Missiles
 d - 2 throwing nets {!f}
 o - 4 javelins
 r - 3 tomahawks
 G - 97 stones (quivered)
Armour
 m - a +2 cloak (worn)
 y - a +0 shield (worn)
Jewellery
 k - a +2 ring of evasion (left hand)
 n - a +2 ring of dexterity
 s - an amulet of regeneration (around neck)
 z - a ring of protection from fire (right hand) {!d}
Wands
 v - a wand of clouds (5)
 E - a wand of iceblast (4)
Scrolls
 g - 5 scrolls of teleportation
 t - a scroll of amnesia
 x - 4 scrolls of remove curse
Potions
 f - 5 potions of lignification
 h - a potion of degeneration {unknown}
 i - 4 potions of heal wounds
 j - 2 potions of agility
 l - 6 potions of curing
 p - 4 potions of mutation {!q}
 A - 2 potions of flight {unknown}
 B - 2 potions of resistance
 C - a potion of berserk rage {unknown}
 D - a potion of brilliance {unknown}
 F - 2 potions of might
Books
 e - a book of Frost

   Spells                             Type                      Level
   a - Freeze                         Ice                          1
   b - Throw Frost                    Conjuration/Ice              2
   c - Ozocubu's Armour               Charms/Ice                   3
   d - Throw Icicle                   Conjuration/Ice              4
   e - Summon Ice Beast               Ice/Summoning                4
 u - a book of Transfigurations

   Spells                             Type                      Level
   a - Irradiate                      Conjuration/Transmutation    5
   b - Statue Form                    Transmutation/Earth          6
   c - Hydra Form                     Transmutation                6
   d - Dragon Form                    Transmutation                7
Comestibles
 c - 15 rations
 H - a chunk of flesh


   Skills:
 + Level 6.1 Fighting
 * Level 8.9 Maces & Flails
 + Level 5.0 Throwing
 + Level 5.4 Dodging
 + Level 3.3 Stealth
 + Level 5.5 Shields
 - Level 0.4 Unarmed Combat
 - Level 1.0 Spellcasting
 - Level 2.6 Hexes
 + Level 2.9 Invocations


You had one spell level left.
You knew the following spells:

 Your Spells              Type           Power        Failure   Level  Hunger
a - Ozocubu's Armour      Chrm/Ice       #.......     82%         3    ####...
c - Portal Projectile     Hex/Tloc       #.....       63%         3    ####...
w - Cause Fear            Hex            ##........   85%         4    #####..


Dungeon Overview and Level Annotations

Branches:
Dungeon (8/15)             Temple (1/1) D:6            Lair (0/6) D:8

Altars:
Ashenzari
Cheibriados
Dithmenos
Elyvilon
Fedhas
Gozag
Hepliaklqana
Kikubaaqudgha
Makhleb
Nemelex Xobeh
Okawaru
Ru
Sif Muna
Trog
Uskayaw
Vehumet
Wu Jian
Xom
Yredelemnul
Zin
The Shining One

Shops:
D:6 }   D:7 (

Annotations:
D:4 1 runed door


Innate Abilities, Weirdness & Mutations

You can breathe waves of freezing cold.
You can buffet flying creatures when you breathe cold.
Your icy white scales are hard. (AC +7)
You cannot fit into any form of body armour.
Your flesh is cold resistant. (rC+)
You are cold-blooded and may be slowed by cold attacks.


Message History

The howler monkey hits you but does no damage.
You hit the howler monkey. You tail-slap the howler monkey.
The howler monkey is almost dead.
The leopard gecko misses you.
The howler monkey hoots and howls with incredible vigour!
The orc hits the plant but does no damage.
You hear an angry hiss. x2; You hear two shouts!
You bump into the rock wall.
You feel less confused.
The leopard gecko completely misses you.
You block the howler monkey's attack.
The orc hits the plant but does no damage.
The orc wizard hits the plant with a dagger.
You block the leopard gecko's attack.
You sock the centaur!
The centaur is severely wounded.
The centaur unwields an uncursed shortbow.
The centaur hits you but does no damage.
The howler monkey closely misses you.
The orc hits the plant but does no damage.
The orc wizard hits the plant but does no damage.
The leopard gecko closely misses you. You block the centaur's attack.
You block the howler monkey's attack.
You thump the centaur!
You kill the centaur!
Cheibriados thoroughly appreciates the change of pace.
The orc priest hits the fungus with a club.
You block the leopard gecko's attack.
The orc wizard hits the plant but does no damage.
You block the howler monkey's attack.
The orc priest hits the fungus with a club!
The yak gores the plant!
The leopard gecko bites you but does no damage.
The howler monkey hoots and howls with incredible vigour!
You hear a shout!
You hear an angry hiss.
Things that are here:
an uncursed shortbow; 18 gold pieces; a centaur corpse The orc wizard casts a spell.
The orc wizard flickers and vanishes!
Deactivating autopickup; reactivate with Ctrl-A.
The yak gores the plant but does no damage.
You block the leopard gecko's attack.
The yak gores the plant.
You hit the leopard gecko but do no damage.
The leopard gecko completely misses you.
The howler monkey hoots and howls with incredible vigour!
The yak gores the plant!
You hear an angry hiss. x3
You hit the leopard gecko.
The leopard gecko is moderately wounded.
The leopard gecko closely misses you.
You hit the leopard gecko but do no damage.
You tail-slap the leopard gecko, but do no damage.
The leopard gecko is moderately wounded.
The orc priest hits the plant with a club.
The yak gores the plant!
The plant is destroyed!
Cast which spell? (? or * to list)
Okay, then.
You hit the yak.
The yak is lightly wounded.
The yak gores you but does no damage.
You sock the yak!
You tail-slap the yak, but do no damage.
The yak is moderately wounded.
The yak barely misses you.
An eight-headed hydra comes into view.
You hit the yak but do no damage.
The yak is moderately wounded.
As you read the scroll of teleportation, it crumbles to dust.
You feel strangely unstable. The yak gores you but does no damage.
The howler monkey hoots and howls with incredible vigour!
You hear a shout! x2; You hear an angry hiss.
Your shield prevents you from hitting the eight-headed hydra.
You block the yak's attack.
The orc priest looks encouraged for a moment.
The eight-headed hydra closely misses you.
The eight-headed hydra bites you but does no damage.
The eight-headed hydra bites you!
The eight-headed hydra completely misses you.
You block the eight-headed hydra's attack.
The eight-headed hydra bites you!
* * * LOW HITPOINT WARNING * * *
The eight-headed hydra bites you but does no damage.
The eight-headed hydra bites you!
* * * LOW HITPOINT WARNING * * *
You take 44 damage, and have 22/83 hp.
MASSIVE DAMAGE!!
You sock the yak!
The yak is heavily wounded.
The yak barely misses you.
The orc priest mumbles some strange prayers to Beogh against you.
Beogh smites you!
* * * LOW HITPOINT WARNING * * *
You block the eight-headed hydra's attack.
The eight-headed hydra barely misses you.
The eight-headed hydra closely misses you.
The eight-headed hydra bites you!
* * * LOW HITPOINT WARNING * * *
The eight-headed hydra bites you but does no damage.
The eight-headed hydra bites you!
You die...

....#.### ........'
#....#.# #..#.#D# #....#@#
##....#Y#
##########.P...Yh# #
.....†.........lo#######.#
......†.♣.......Y........
...........PP..P......##.
.........P..........<.#
..........P........[..#
......P.P....P......(.#


You could see an eight-headed hydra, 3 yaks, a howler monkey, an orc priest and
a leopard gecko.

Vanquished Creatures
  Pikel (D:3)
  Grinder (D:3)
  The ghost of Paps the Shield-Bearer, an amateur GrFi (D:3)
  2 water moccasins
  A sky beast (D:8)
  3 porcupines (D:8)
  2 ice beasts
  A black bear (D:8)
  An ogre (D:4)
  2 crocodiles (D:8)
  A phantom (D:5)
  3 centaurs
  Blork the orc (D:5)
  2 big kobolds (D:7)
  4 bullfrogs (D:7)
  13 scorpions
  6 killer bees (D:7)
  5 crimson imps
  3 bullfrog skeletons
  2 centaur zombies (Ossuary)
  A centaur skeleton (D:6)
  5 orc priests
  Crazy Yiuf (D:7)
  2 hounds
  Jessica (D:2)
  3 orc wizards
  3 worker ants
  2 big kobold zombies (Ossuary)
  2 hound skeletons
  3 mummies (Ossuary)
  A worker ant zombie (D:5)
  4 gnolls (D:7)
  6 adders
  A howler monkey skeleton (D:4)
  5 scorpion zombies (Ossuary)
  4 shadow imps
  2 oozes
  2 worms
  5 dart slugs
  6 leopard geckos
  27 orcs
  A ball python (D:1)
  3 giant cockroaches
  A gnoll zombie (Ossuary)
  7 goblins
  2 hobgoblins
  12 jackals
  13 kobolds
  2 quokkas
  7 bats
  3 frilled lizards
  4 goblin zombies (Ossuary)
  2 hobgoblin zombies (Ossuary)
  A kobold zombie (Ossuary)
  A leopard gecko zombie (D:5)
  An orc zombie (Ossuary)
  4 rats
  A plant (D:8)
206 creatures vanquished.

Vanquished Creatures (others)
  2 fungi (D:8)
  8 plants (D:8)
10 creatures vanquished.

Grand Total: 216 creatures vanquished

Notes
Turn   | Place    | Note
-------+----------+-------------------------------------------
     0 | D:1      | Monsterracer the Draconian Arcane Marksman began the quest for the Orb.
     0 | D:1      | Reached XP level 1. HP: 16/16 MP: 2/2
   346 | D:1      | Reached skill level 1 in Maces & Flails
   349 | D:1      | Reached XP level 2. HP: 19/23 MP: 3/3
   416 | D:1      | Reached skill level 2 in Maces & Flails
   836 | D:1      | Reached XP level 3. HP: 28/28 MP: 4/4
   848 | D:1      | Learned a level 3 spell: Portal Projectile
  1061 | D:2      | Noticed Jessica
  1070 | D:2      | HP: 9/28 [Jessica/nerve-wracking pain (10)]
  1072 | D:2      | Killed Jessica
  1072 | D:2      | Reached skill level 3 in Maces & Flails
  1369 | D:2      | Reached XP level 4. HP: 29/35 MP: 5/5
  1683 | D:3      | Noticed Paps's ghost (amateur GrFi)
  1715 | D:3      | Noticed Grinder
  1848 | D:3      | Paralysed by Grinder for 4 turns
  1851 | D:3      | HP: 17/35 [Grinder (1)]
  1853 | D:3      | HP: 5/35 [Grinder/nerve-wracking pain (6)]
  2241 | D:3      | HP: 17/35 [Grinder (5)]
  2250 | D:3      | HP: 15/35 [Grinder (1)]
  2252 | D:3      | HP: 3/35 [Grinder/nerve-wracking pain (7)]
  2253 | D:3      | Killed Grinder
  2253 | D:3      | Reached skill level 4 in Maces & Flails
  2253 | D:3      | Reached XP level 5. HP: 4/42 MP: 6/6
  2253 | D:3      | Reached XP level 6. HP: 5/49 MP: 7/7
  2665 | D:3      | HP: 22/49 [orc priest/divine providence (14)]
  3074 | D:3      | Killed Paps's ghost
  3074 | D:3      | Reached skill level 5 in Maces & Flails
  3446 | D:4      | Learned a level 4 spell: Cause Fear
  3460 | D:4      | Noticed Pikel
  3462 | D:4      | Noticed a slave
  3462 | D:4      | Noticed a slave
  3471 | D:4      | HP: 16/51 [ogre/giant spiked club (35)]
  3477 | D:4      | Noticed a slave
  3479 | D:4      | Your scales start taking on an icy white colour.
  3479 | D:4      | Reached XP level 7. HP: 23/57 MP: 8/8
  3479 | D:4      | Gained mutation: Your flesh is cold resistant. (rC+) [White Draconian growth]
  3502 | D:4      | HP: 26/57 [slave[Pikel] (6)]
  3513 | D:3      | HP: 27/57 [orc/dagger (1)]
  3517 | D:3      | HP: 11/57 [orc/dagger (3)]
  3527 | D:3      | HP: 12/57 [Pikel/whip of freezing (4)]
  3540 | D:3      | Killed Pikel
  3540 | D:3      | Reached skill level 6 in Maces & Flails
  3540 | D:3      | Reached XP level 8. HP: 23/66 MP: 9/9
  3664 | D:4      | Got a brightly glowing short sword
  3806 | D:4      | Found a glowing golden altar of the Shining One.
  3807 | D:4      | Found a runed door.
  3807 | D:4      | Noticed an angel
  4027 | D:5      | Entered Level 5 of the Dungeon
  4078 | D:5      | Noticed Blork the orc
  4087 | D:5      | Killed Blork the orc
  4511 | D:5      | Reached skill level 7 in Maces & Flails
  5277 | D:6      | Found a sand-covered staircase.
  5298 | Ossuary  | Entered an ossuary
  5312 | Ossuary  | Reached skill level 1 in Shields
  5516 | Ossuary  | HP: 31/67 [scorpion zombie (5)]
  5523 | Ossuary  | HP: 31/67 [poisoned by a scorpion]
  5530 | Ossuary  | HP: 33/67 [poisoned by a scorpion]
  5713 | Ossuary  | Reached skill level 1 in Stealth
  5713 | Ossuary  | Reached XP level 9. HP: 73/73 MP: 10/10
  5726 | Ossuary  | Reached skill level 5 in Fighting
  6275 | D:6      | Found Nuishuruori's Gadget Shoppe.
  6396 | D:6      | Found a staircase to the Ecumenical Temple.
  6406 | Temple   | Entered the Ecumenical Temple
  6526 | Temple   | Became a worshipper of Cheibriados the Contemplative
  6851 | D:7      | Found Fymaud's Antique Weapon Shoppe.
  7062 | D:7      | Reached skill level 1 in Invocations
  7065 | D:7      | Reached skill level 8 in Maces & Flails
  7074 | D:7      | Reached * piety under Cheibriados
  7364 | D:7      | Reached skill level 5 in Dodging
  7400 | D:7      | Reached ** piety under Cheibriados
  7400 | D:7      | Reached skill level 5 in Shields
  7605 | D:7      | HP: 31/75 [centaur/arrow (9)]
  7610 | D:7      | HP: 28/75 [poisoned by a water moccasin]
  7615 | D:7      | HP: 21/75 [poisoned by a water moccasin]
  7623 | D:7      | HP: 25/75 [poisoned by a water moccasin]
  7629 | D:7      | HP: 27/75 [poisoned by a water moccasin]
  7635 | D:7      | HP: 30/75 [poisoned by a water moccasin]
  7641 | D:7      | HP: 33/75 [poisoned by a water moccasin]
  8035 | D:7      | Learned a level 3 spell: Ozocubu's Armour
  8504 | D:7      | Found a runed door.
  8744 | D:7      | Noticed Crazy Yiuf
  8750 | D:7      | Killed Crazy Yiuf
  9102 | D:8      | Reached XP level 10. HP: 83/83 MP: 11/11
  9119 | D:8      | Found a shadowy altar of Dithmenos.
  9125 | D:8      | Reached *** piety under Cheibriados
  9175 | D:8      | Found a staircase to the Lair.
  9207 | D:8      | Reached skill level 5 in Throwing
  9214 | D:8      | HP: 39/83 [porcupine (7)]
  9216 | D:8      | HP: 18/83 [porcupine's spines (16)]
  9243 | D:8      | HP: 35/83 [crocodile (7)]
  9286 | D:8      | Noticed an eight-headed hydra
  9288 | D:8      | HP: 35/83 [eight-headed hydra (15)]
  9289 | D:8      | HP: 16/83 [orc priest/divine providence (7)]
  9289 | D:8      | HP: 2/83 [eight-headed hydra (14)]
  9289 | D:8      | Mangled by an eight-headed hydra

Skill      XL: |  1  2  3  4  5  6  7  8  9 10 |
---------------+-------------------------------+-----
Maces & Flails | 1 2 3 4 5 6 7 8 |  8.9
Fighting       | 2 3 4 5 6 |  6.1
Throwing       | 2 3 4 5 |  5.0
Dodging        | 2 3 4 5 |  5.4
Shields        | 4 5 |  5.5
Stealth        | 1 3 |  3.3
Invocations    | 2 |  2.9
Unarmed Combat | |  0.4
Spellcasting   | |  1.0
Hexes          | |  2.6

Action                   |  1- 3 |  4- 6 |  7- 9 | 10-12 || total
-------------------------+-------+-------+-------+-------++-------
Melee: Whip              |    78 |    96 |   471 |       ||   645
       Tailslap          |     9 |    12 |   113 |    21 ||   155
       Unarmed           |     2 |       |       |       ||     2
       Flail             |       |       |   204 |    75 ||   279
Throw: Javelin           |     2 |    12 |    12 |     2 ||    28
       Throwing net      |       |     1 |       |       ||     1
       Tomahawk          |       |       |     7 |       ||     7
       Stone             |       |       |     5 |     3 ||     8
 Abil: Evoke Berserk Rag |       |     1 |       |       ||     1
       Breathe Frost     |       |       |     8 |       ||     8
  Use: Scroll            |       |     6 |    12 |     2 ||    20
       Potion            |       |       |       |     1 ||     1
 Stab: Sleeping          |     1 |     5 |     3 |     1 ||    10
       Distracted        |       |       |     1 |       ||     1
  Eat: Chunk             |     1 |     2 |    12 |     1 ||    16
       Ration            |       |     2 |     1 |       ||     3
Armor: Skin              |    28 |    14 |   131 |    26 ||   199
Dodge: Dodged            |    54 |    62 |   323 |    91 ||   530
Block: Shield            |       |       |   189 |    68 ||   257

Vault maps used:
D:1:      lightli_arrival_noodles, kennysheep_small_spiral,
          minmay_misc_feat_pillars
D:2:      minmay_tripent, uniq_jessica
D:3:      uniq_grinder
D:4:      first_ration, lemuel_angel_altar, uniq_pikel
D:5:      uniq_blork_the_orc
D:6:      minmay_temple_entry_grid, enter_ossuary_1, serial_shops,
          nicolae_shop_stone, minmay_misc_feat_encased, mrwooster_statue_mirror
D:7:      serial_shops, nicolae_shop_stone, minmay_bent, uniq_crazy_yiuf_cottage
D:8:      minmay_lair_entry_grove, enter_bailey_3, basic_altar
Temple:   kilobyte_greek_temple
Ossuary:  ossuary_minmay_scorpions
